 Dungeon Crawl Stone Soup version 0.24-a0-375-g4de66ed42b (webtiles) character file.

Game seed: 12603918414092518394

266 Bikalo the Skirmisher (level 6, 0/73 HPs)
             Began as a Demonspawn Chaos Knight on May 31, 2019.
             Was a Plaything of Xom.
             Slain by an ogre
             ... wielding a +0 giant club
              (6 damage)
             ... on level 4 of the Dungeon.
             The game lasted 00:22:43 (2687 turns).

Bikalo the Skirmisher (Demonspawn Chaos Knight)     Turns: 2687, Time: 00:22:43

Health: 0/73       AC: 28    Str: 12    XL:     6   Next: 0%
Magic:  6/6        EV:  2    Int: 13    God:    Xom [....*.]
Gold:   130        SH:  0    Dex: 15    Spells: 5/5 levels left

rFire    . . .     SeeInvis .   o - +0 war axe
rCold    . . .     Gourm    .   (no shield)
rNeg     + + +     Faith    .   (armour currently unavailable)
rPois    +         Spirit   .   (helmet currently unavailable)
rElec    .         Reflect  .   (cloak currently unavailable)
rCorr    .         Harm     .   (gloves currently unavailable)
MR       .....     NoTele   +   (boots currently unavailable)
Stlth    +.........             (no amulet)
HPRegen  0.22/turn              f - ring of poison resistance
MPRegen  0.10/turn              p - +5 ring of protection

@: tree-form, vulnerable
A: powered by death 1
a: Renounce Religion


You were on level 4 of the Dungeon.
You worshipped Xom.
You were a beloved toy of Xom.
You were hungry.
You were a tree.
You visited 1 branch of the dungeon, and saw 4 of its levels.

You collected 130 gold pieces.

Inventory:

Hand Weapons
 a - a +0 hand axe of chaos
 d - a +0 dagger
 o - a +0 war axe (weapon)
Armour
 b - a +2 leather armour
 l - a +3 plate armour of poison resistance (melded)
 m - a +2 helmet (melded)
Magical Staves
 r - an uncursed staff of poison
Jewellery
 f - a ring of poison resistance (left branch)
 p - a +5 ring of protection (right branch)
Scrolls
 e - 2 scrolls of identify
 g - 2 scrolls of remove curse
 h - a scroll of enchant weapon {unknown}
Potions
 j - a potion of resistance
 k - 2 potions of curing {unknown}
 q - a potion of lignification
Comestibles
 c - a ration


   Skills:
 + Level 4.5 Fighting
 + Level 4.2 Axes
 + Level 3.5 Armour
 - Level 1.0 Dodging


You had 5 spell levels left.
You didn't know any spells.
Your spell library was empty.

Dungeon Overview and Level Annotations

Branches:
Dungeon (4/15)
 Temple: D:4-7

Altars:
Nemelex Xobeh
Uskayaw


Innate Abilities, Weirdness & Mutations

((You have sharp fingernails.))
((You are partially covered in thin metallic scales. (AC +2)))
You regenerate a little health from kills.


Message History

The ogre is almost dead.
The ogre hits you with a +0 giant club!
You are too injured to fight recklessly!
You are too injured to fight recklessly!
You are too injured to fight recklessly!
You are too injured to fight recklessly!
You are too injured to fight recklessly!
You are too injured to fight recklessly!
You are too injured to fight recklessly!
You are too injured to fight recklessly!
You completely miss the ogre.
The ogre is almost dead.
The ogre hits you with a +0 giant club!!
* * * LOW HITPOINT WARNING * * *
It was a potion of lignification.
You turn into a tree.
Your +2 helmet melds into your body.
Your +3 plate armour of poison resistance melds into your body.
Your roots penetrate the ground.
The ogre hits you with a +0 giant club.
You die... "I guess I need a new plaything now."

#..#. ....#.... #.....
##.....# .
#...###......##. #
##.......(...... ..
######..##...........
...#...#...##..#.#......
.......#........##......
...........†....##......
#.†♣...........#....
#.O......##....##...
#...............#...
#.$........###.......
.....#.........###.......
.
....#...........#.......
#.
#......<..##............
.##....##................
.....##..............##.


You could see an ogre.

Vanquished Creatures
  A hound (D:4)
  A bullfrog skeleton (D:4)
  Terence (D:2)
  A worker ant (D:4)
  2 hound skeletons (D:4)
  4 gnolls (D:4)
  4 adders
  2 dart slugs (D:1)
  3 orcs (D:3)
  A ball python (D:1)
  A giant cockroach (D:4)
  5 goblins
  10 hobgoblins
  A jackal (D:3)
  2 quokkas
  4 bats
  10 frilled lizards
  8 kobolds
  7 rats
68 creatures vanquished.

Notes
Turn   | Place    | Note
-------+----------+-------------------------------------------
     0 | D:1      | Bikalo the Demonspawn Chaos Knight began the quest for the
                  | Orb.
     0 | D:1      | Reached XP level 1. HP: 18/18 MP: 1/1
   117 | D:1      | Reached skill level 1 in Dodging
   119 | D:1      | Gained mutation: You regenerate a little health from kills.
                  | [demonic ancestry]
   119 | D:1      | Reached XP level 2. HP: 24/24 MP: 2/2
   129 | D:1      | XOM: potion effect (haste)
   202 | D:1      | XOM: potion effect (invisibility)
   205 | D:1      | XOM: mild Hex miscast
   367 | D:1      | XOM: 2-stop teleportation journey
   576 | D:1      | XOM: mild Conj miscast
   580 | D:1      | XOM: harmless Air miscast
   780 | D:2      | Gained mutation: You have sharp fingernails. [demonic
                  | ancestry]
   780 | D:2      | Reached XP level 3. HP: 29/29 MP: 3/3
   793 | D:2      | You fall into a shaft and drop 2 floors!
   829 | D:4      | Gained mutation: You are partially covered in thin metallic
                  | scales. (AC +2) [demonic ancestry]
   829 | D:4      | Reached XP level 4. HP: 36/36 MP: 4/4
   941 | D:2      | XOM: 1-stop teleportation journey
  1052 | D:2      | Noticed Terence
  1059 | D:2      | Killed Terence
  1247 | D:2      | Found a sparkling altar of Nemelex Xobeh.
  1409 | D:2      | XOM: polymorph kobold -> frilled lizard
  1829 | D:3      | XOM: god gift: weird jewelled staff {god gift}
  1839 | D:3      | Reached XP level 5. HP: 42/42 MP: 5/5
  1961 | D:3      | Noticed a +0 hand axe
  1962 | D:3      | Noticed a +0 dagger
  1964 | D:3      | Found a hide-covered altar of Uskayaw.
  1971 | D:3      | XOM: polymorph jackal -> goblin
  2625 | D:4      | XOM: destruction
  2630 | D:4      | Noticed an ogre
  2633 | D:4      | XOM: 1-stop teleportation journey
  2657 | D:4      | XOM: god gift: scroll labeled AGGYTSIDIO {god gift}
  2677 | D:4      | Reached XP level 6. HP: 41/49 MP: 6/6
  2687 | D:4      | Slain by an ogre

Levels and vault maps discovered:
D:1:      dpeg_arrival_ternary, layout_loops_ring
D:2:      layout_loops_corners, lemuel_coloured_pillars_altar, uniq_terence
D:3:      layout_loops_corners, dancing_weapons_uskayaw
D:4:      layout_cave_pools, first_ration, kennysheep_cluttered_room

Skill      XL: |  1  2  3  4  5 |
---------------+----------------+-----
Axes           | 3 4 |  4.2
Dodging        | 1 |  1.0
Armour         | 2 3 |  3.5
Fighting       | 4 |  4.5

Action                   |  1- 3 |  4- 6 || total
-------------------------+-------+-------++-------
Melee: Hand axe          |    75 |    73 ||   148
       War axe           |       |   107 ||   107
  Use: Scroll            |       |     7 ||     7
       Potion            |       |     2 ||     2
 Stab: Petrified         |     2 |       ||     2
  Eat: Chunk             |       |     2 ||     2
       Ration            |       |     1 ||     1
Armor: Leather armour    |    15 |       ||    15
       Plate armour      |    13 |   166 ||   179
Dodge: Dodged            |    38 |    38 ||    76

Table legend:
 A = Non-vault XP
 B = Vault XP
 C = Vault XP percentage of total XP
 D = Non-vault monster count
 E = Vault monster count
 F = Vault count percentage of total count
                 A         B        C        D         E       F
            +---------+---------+-------+---------+---------+-------
      Total |     344 |      36 |   9.5 |      67 |       1 |   1.5
            +---------+---------+-------+---------+---------+-------
        D:1 |      34 |       0 |   0.0 |      20 |       0 |   0.0
        D:2 |      61 |      36 |  37.1 |      17 |       1 |   5.6
        D:3 |      42 |       0 |   0.0 |      18 |       0 |   0.0
        D:4 |     207 |       0 |   0.0 |      12 |       0 |   0.0
            +---------+---------+-------+---------+---------+-------
